 Dungeon Crawl Stone Soup version 0.32-a0-859-gb0a091d592 (webtiles) character file.

Game seed: 16712236841536376502

107310 BubbleThief the Warrior (level 16, -6/171 HPs)
             Began as a Naga Alchemist on Mar 27, 2024.
             Was the Champion of Vehumet.
             Mangled by Mlioglotl (22 damage)
             ... on level 2 of the Swamp.
             The game lasted 01:17:16 (24189 turns).

BubbleThief the Warrior (Naga Alchemist)           Turns: 24189, Time: 01:17:16

Health: -6/171     AC: 20    Str: 11    XL:     16   Next: 46%
Magic:  22/32      EV:  6    Int: 29    God:    Vehumet [******]
Gold:   1576       SH:  7    Dex: 13    Spells: 11/39 levels left

rFire   + . .        Y - +2 quick blade (holy)
rCold   + . .        J - +1 buckler {AC+3}
rNeg    + . .        W - +2 robe {Will+}
rPois   +            R - +2 helmet {Int+3}
rElec   +            S - scarf {rC+ rF+}
rCorr   .            a - +1 pair of gloves
SInv    +            z - +0 barding
Will    +++..        Q - amulet "Zeiz Xuy" {Regen+ Int+4 Slay+2}
Stlth   ++           x - ring of wizardry
HPRegen 1.28/turn    V - ring "Behei" {rElec rN+}
MPRegen 0.23/turn

%: wizardry (x1)
@: spewing sludge, invisible, very slow
A: AC +5, large, see invisible, deformed body, poison resistance, slowness 2,
spit poison 1, naga tail 2
a: Spit Poison, Renounce Religion


You were on level 2 of the Swamp.
You worshipped Vehumet.
Vehumet was exalted by your worship.
You visited 5 branches of the dungeon, and saw 25 of its levels.
You also visited: Ossuary.

You collected 3173 gold pieces.
You spent 1597 gold pieces at shops.

Inventory:

Hand Weapons
 H - a +2 dagger of electrocution
 Y - a +2 quick blade of holy wrath (weapon)
Missiles
 L - a throwing net (quivered)
Armour
 a - a +1 pair of gloves (worn)
 z - a +0 barding (worn)
 D - the +10 tower shield of Ignorance {rN+ Int-4}
   (You acquired it on level 12 of the Dungeon)

   Int-4:     It affects your intelligence (-4).
   rN+:       It protects you from negative energy.
 J - a +1 buckler of protection (worn)
 R - a +2 helmet of intelligence (worn)
 S - a scarf of resistance (worn)
 W - a +2 robe of willpower (worn)
Jewellery
 s - a ring of resist corrosion
 x - a ring of wizardry (left hand)
 y - a ring of flight
 A - a ring of protection from cold
 Q - the amulet "Zeiz Xuy" (around neck) {Regen+ Int+4 Slay+2}
   (You bought it in a shop on level 5 of the Dungeon)

   [amulet of regeneration]

   Int+4:     It affects your intelligence (+4).
   Slay+2:    It affects your accuracy & damage with ranged weapons and melee
   (+2).
   Regen+:    It increases your rate of health regeneration.
 V - the ring "Behei" (right hand) {rElec rN+}
   (You bought it in a shop on level 11 of the Dungeon)

   [ring of positive energy]

   rElec:     It insulates you from electricity.
   rN+:       It protects you from negative energy.
Wands
 t - a wand of light (16)
 C - a wand of flame (25)
 F - a wand of paralysis (30)
 N - a wand of mindburst (10)
Scrolls
 c - 3 scrolls of amnesia
 e - 7 scrolls of poison
 f - a scroll of identify
 h - 7 scrolls of fear
 j - 2 scrolls of enchant armour
 k - 4 scrolls of butterflies
 p - 3 scrolls of silence
 r - 5 scrolls of blinking
 u - 4 scrolls of immolation
 v - 2 scrolls of vulnerability
 G - 10 scrolls of teleportation
 I - a scroll of revelation
 O - 2 scrolls of enchant weapon
 P - 3 scrolls of fog
 T - a scroll of brand weapon
Potions
 b - 4 potions of magic
 d - 3 potions of lignification
 g - a potion of invisibility
 i - 15 potions of ambrosia
 l - 4 potions of heal wounds
 m - 5 potions of haste
 n - 6 potions of attraction
 o - 3 potions of brilliance
 w - 2 potions of cancellation
 B - 5 potions of might
 E - 2 potions of enlightenment
 K - a potion of resistance
 M - 11 potions of curing
 U - a potion of mutation
Miscellaneous
 q - a phantom mirror
 X - a box of beasts


   Skills:
 - Level 18.0 Fighting
 + Level 12.3 Short Blades
 - Level 1.5 Dodging
 - Level 3.0 Stealth
 - Level 11.0 Shields
 + Level 12.2 Spellcasting
 - Level 1.0 Conjurations
 - Level 8.0 Fire Magic
 - Level 6.0 Alchemy


You had 11 spell levels left.
You knew the following spells:

 Your Spells              Type           Power      Damage    Failure   Level
a - Plasma Beam           Fire/Air       20%        2x1d32    12%         6
b - Mephitic Cloud        Conj/Alch/Air  31%        N/A       1%          3
c - Olgreb's Toxic Radia  Alch           52%        N/A       1%          4
d - Sticky Flame          Fire/Alch      55%        2d10      1%          4
e - Freezing Cloud        Conj/Ice/Air   9%         6-21      10%         5
f - Eringya's Noxious Bo  Alch           26%        4d6       5%          6

Your spell library contained the following spells:

 Spells                   Type           Power      Damage    Failure   Level
 Shock                    Conj/Air       80%        1d8       1%          1
 Slow                     Hex            68%        N/A       1%          1
 Sting                    Conj/Alch      100%       1d9       1%          1
 Mercury Vapours          Alch/Air       70%        N/A       1%          2
 Scorch                   Fire           100%       2d9       1%          2
 Volatile Blastmotes      Fire/Tloc      82%        2d16      1%          3
 Flame Wave               Conj/Fire      43%        2d11      1%          4
 Fulminant Prism          Conj/Alch      19%        3d10      1%          4
 Ensorcelled Hibernation  Hex/Ice        34%        N/A       2%          2
 Lesser Beckoning         Tloc           34%        N/A       2%          2
 Iskenderun's Mystic Bla Conj/Tloc 20%            2d6        (+2d3     3%          4
 Confusing Touch          Hex            17%        N/A       4%          3
 Passwall                 Erth           17%        N/A       4%          3
 Swiftness                Air            17%        N/A       4%          3
 Teleport Other           Tloc           17%        N/A       4%          3
 Vampiric Draining        Necr           17%        2d7       4%          3
 Airstrike                Air            8%         2d(2-18)  4%          4
 Lee's Rapid Deconstruct  Erth           8%         3d7*      11%         5
 Animate Armour           Summ/Erth      34%        N/A       16%         4
 Maxwell's Portable Pile  Tloc           17%        2d(8-15)  16%         4
 Summon Lightning Spire   Summ/Air       17%        N/A       16%         4
 Sculpt Simulacrum        Ice/Alch       17%        N/A       52%         6
 Dispersal                Tloc           8%         N/A       90%         6
 Gell's Gavotte           Tloc           8%         2d(15-22) 90%         6
 Summon Cactus Giant      Summ           8%         N/A       90%         6
 Ozocubu's Refrigeration  Ice            8%         4d9       90%         7
 Polar Vortex             Ice            8%         12d1*     99%         9
 Manifold Assault         Tloc           8%         N/A       100%        7
 Disjunction              Tloc           8%         N/A       100%        8


Dungeon Overview and Level Annotations

Branches:
Dungeon (15/15)            Temple (1/1) D:5            Lair (5/5) D:9
  Swamp (2/4) Lair:3        Snake (0/4) Lair:2        Slime (0/5) Lair:4
    Orc (2/2) D:11            Elf (0/3) Orc:2        Vaults (0/5) D:14
 Depths (0/4) D:15        Ossuary (visited)

Altars:
Ashenzari
Cheibriados
Dithmenos
Elyvilon
Fedhas
Gozag
Hepliaklqana
Kikubaaqudgha
Makhleb
Nemelex Xobeh
Okawaru
Qazlal
Ru
Sif Muna
Trog
Uskayaw
Vehumet
Wu Jian
Xom
Yredelemnul
Zin
The Shining One
Jiyva

Shops:
D:5 ==[*?   D:11 *=   D:12 (   Orc:2 [=(*

Annotations:
D:11 jasper's ghost, journeyman MDBe
Lair:1 exclusion: oklob plant
Swamp:2 Mlioglotl
Orc:1 1 runed translucent door, Ponisiar's ghost, journeyman TrGl


Innate Abilities, Weirdness & Mutations

Your serpentine skin is tough. (AC +5)
You have supernaturally acute eyesight. (SInv)
Armour fits poorly on your strangely shaped body.
Your system is resistant to poisons. (rPois)
You cover ground very slowly.
You can spit poison.
You can use your snake-like lower body to constrict enemies.


Message History

Your noxious spew wanes.
Mlioglotl churns violently!
Mlioglotl corrupts the dungeon around him!
Unknown command.
Unknown command.
Press: ? - help, v - describe, . - travel
Here: Mlioglotl (heavily wounded, strong, extremely poisoned) Some shallow water.
You fade into invisibility!
You block Mlioglotl's attack. Mlioglotl tramples you.
* * * LOW HITPOINT WARNING * * *
You stumble backwards!
Splash!
The swamp worm is engulfed in freezing vapours.
Tentacles burst from the starspawn's body!
The tyrant leech bites you!
* * * LOW HITPOINT WARNING * * *
The tyrant leech draws strength from your injuries!
Mlioglotl hits you.
* * * LOW HITPOINT WARNING * * *
Mlioglotl tramples you but does no damage. 2 starspawn tentacles come into view.
Unknown command.
Casting: Freezing Cloud (dangerous; 10% risk of failure)
Confirm with . or Enter, or press ? or * to list all spells.
Casting: Eringya's Noxious Bog (dangerous; 5% risk of failure)
Press: ? - help, Dir - look around, f - activate Splash!
You fall into the toxic bog.
Don't expect to remain undetected while in the water.
You spew toxic sludge!
The swamp worm festers in the toxic bog!
The swamp worm looks as sick as possible!
The shambling mangrove festers in the toxic bog!
The shambling mangrove looks as sick as possible!
The shambling mangrove hits you!!
* * * LOW HITPOINT WARNING * * *
Mlioglotl festers in the toxic bog.
Mlioglotl looks as sick as possible!
Mlioglotl hits you but does no damage. Mlioglotl tramples you!!
You die...

♣♣♣♣♣♣ ♣♣♣♣
~♣~~♣~♣♣♣♣ ♣~~.~
~~~..~.~♣♣♣.....
♣♣.~~~~.♣~.~~~.♣
♣~.§~~§~~~~§~~~.
♣♣♣.#~~3~~~~~~~~~~
♣~.....##f~~~~~.~§
♣°°)3X@~~~~.~~
♣.○○☼)ww~~~~~...
♣~~☼♣♣°~~~~~~§~~~
...<.~
♣.~~~ww~~.~~
♣.....♣
♣♣~.~X♣...~~
♣.~~~. ♣♣♣♣♣♣♣♣♣.♣
.~~~~~ ♣ .~~~~~


You could see Mlioglotl (strong, extremely poisoned), a shambling mangrove
(extremely poisoned), a tentacled starspawn (summoned), a tyrant leech (strong,
extremely poisoned), a soul eater (summoned), a swamp worm (extremely poisoned),
a neqoxec (summoned) and 2 starspawn tentacles.

Vanquished Creatures
  Rupert (Lair:5)
  A thorn hunter (Swamp:1)
  An orc warlord (Orc:2)
  A very ugly thing (D:14)
  Nessos (Lair:5)
  Azrael (D:14)
  Snorg (Lair:5)
  Fannar (Orc:1)
  Josephine (Lair:4)
  A fire dragon (Lair:5)
  5 vault guards (D:14)
  4 hydras
  An ice dragon (D:12)
  2 rakshasas (D:15)
  Erolcha (Orc:2)
  3 alligators (Swamp:1)
  2 catoblepae
  5 centaur warriors
  3 two-headed ogres
  2 boulder beetles
  Erica (D:11)
  A tengu warrior (D:12)
  An orc high priest (Orc:2)
  Sonja (D:10)
  2 goliath frogs (Swamp:1)
  A skyshark (Lair:5)
  A swamp dragon (Swamp:1)
  2 bog bodies (Swamp:1)
  3 orc knights (Orc:2)
  2 lindwurms (Lair:5)
  A deep elf archer (D:14)
  2 spriggan druids
  2 deep elf pyromancers
  17 ugly things
  6 cyclopes
  A necromancer (D:15)
  A deep elf zephyrmancer (D:15)
  7 orc sorcerers
  4 manticores
  2 will-o-the-wisps (Swamp:1)
  16 elephants
  5 black mambas
  A kobold blastminer (Orc:2)
  6 meliai
  7 torpor snails
  2 gargoyles (D:14)
  3 centaur zombies (D:15)
  7 cane toads
  2 unseen horrors
  A centaur skeleton (D:15)
  5 rime drakes
  A kobold demonologist (D:11)
  A yaktaur (D:14)
  An efreet (D:14)
  12 komodo dragons
  A tengu conjurer (D:14)
  2 polar bears
  5 tyrant leeches
  A wolf spider simulacrum (D:15)
  A queen bee (D:12)
  9 hornets
  5 trolls
  Prince Ribbit (D:7)
  A hornet (shapeshifter) (D:15)
  6 blink frogs (Lair:5)
  3 dream sheep (Lair:2)
  13 slime creatures
  3 shadows
  3 spriggans
  9 wraiths
  18 wyverns
  16 basilisks
  32 yaks
  2 humans (D:14)
  3 fire elementals (D:14)
  A warg (Orc:1)
  7 swamp worms
  14 vampire mosquitoes
  Edmund (D:6)
  3 nagas (Lair:2)
  3 acid dragons
  3 hell hounds (D:14)
  15 water moccasins
  Duvessa (D:7)
  A black bear (D:8)
  22 orc warriors
  2 ice beasts
  8 ogres
  12 wolves
  16 centaurs
  2 phantoms
  10 bullfrogs
  3 elf zombies (Ossuary)
  4 scorpions
  2 gnoll sergeants
  A troll zombie (D:11)
  Dowan (D:7)
  21 killer bees (D:12)
  2 bombardier beetles
  4 howler monkeys
  7 electric eels
  4 human zombies (Ossuary)
  4 hounds
  15 orc priests
  A gnoll bouda (D:5)
  4 jellies
  9 hell rats
  9 iguanas
  Natasha (D:2)
  30 orc wizards
  2 crocodile zombies (Ossuary)
  5 ogre zombies (D:11)
  3 spectral hounds (Ossuary)
  4 mummies (Ossuary)
  14 gnolls
  5 adders
  3 hound simulacra (Ossuary)
  A shadow imp (D:7)
  A white imp (D:8)
  2 ufetubi (D:7)
  3 spectral adders (Ossuary)
  2 spectral gnolls (Ossuary)
  A dart slug (D:1)
  4 adder simulacra (Ossuary)
  82 orcs
  6 ball pythons
  5 bats
  6 endoplasms
  A giant cockroach (D:1)
  5 gnoll zombies
  8 goblins
  5 hobgoblins
  7 jackals (D:1)
  4 quokkas
  3 frilled lizards
  5 gnoll skeletons (D:11)
  3 jackal simulacra (Ossuary)
  9 kobolds
  6 kobold zombies (Ossuary)
  2 orc skeletons (D:11)
  17 orc zombies
  8 rats
  3 spectral jackals (Ossuary)
  A butterfly (Lair:4)
779 creatures vanquished.

Vanquished Creatures (others)
  An orc priest (Orc:2)
  4 foxfires (Swamp:1)
5 creatures vanquished.

Grand Total: 784 creatures vanquished

Notes
Turn   | Place    | Note
-------+----------+-------------------------------------------
     0 | D:1      | BubbleThief the Naga Alchemist began the quest for the Orb.
     0 | D:1      | Reached XP level 1. HP: 15/15 MP: 3/3
    57 | D:1      | Reached XP level 2. HP: 18/22 MP: 0/5
   281 | D:1      | Reached XP level 3. HP: 25/28 MP: 2/6
  1647 | D:2      | Noticed Natasha
  1655 | D:2      | Killed Natasha
  1656 | D:2      | Reached skill level 5 in Alchemy
  1656 | D:2      | Reached XP level 4. HP: 19/36 MP: 2/8
  2136 | D:3      | Learned a level 3 spell: Mephitic Cloud
  2143 | D:3      | Learned a level 4 spell: Olgreb's Toxic Radiance
  2460 | D:3      | Reached XP level 5. HP: 25/42 MP: 5/10
  3196 | D:4      | Reached XP level 6. HP: 28/49 MP: 4/12
  3277 | D:4      | Reached skill level 1 in Fighting
  3295 | D:4      | Reached skill level 2 in Fighting
  3508 | D:4      | Reached XP level 7. HP: 54/61 MP: 2/14
  3765 | D:4      | Learned a level 4 spell: Sticky Flame
  3788 | D:4      | Reached skill level 5 in Spellcasting
  3841 | D:4      | Reached skill level 3 in Fighting
  3841 | D:4      | Reached skill level 1 in Fire Magic
  3941 | D:5      | Entered Level 5 of the Dungeon
  3950 | D:5      | Found a hide-covered altar of Uskayaw.
  4056 | D:5      | Found Haiwir's Jewellery Boutique.
  4225 | D:5      | Reached XP level 8. HP: 68/72 MP: 13/16
  4226 | D:5      | Reached skill level 4 in Fighting
  4342 | D:5      | Found a white marble altar of Elyvilon.
  4369 | D:5      | Found Sutug's Magic Scroll Shop.
  4373 | D:5      | Bought a scroll of teleportation for 39 gold pieces
  4437 | D:5      | Found Loraps's Assorted Antiques.
  4441 | D:5      | Found Kaqoesas's Antique Armour Shoppe.
  4648 | D:5      | Found Hovoenawn's Jewellery Shoppe.
  4666 | D:5      | Found a staircase to the Ecumenical Temple.
  4675 | D:5      | You fall into a shaft and drop 3 floors!
  4702 | D:8      | Found a bloodstained altar of Trog.
  4704 | D:8      | Found a shimmering altar of Xom.
  4982 | D:8      | Found a shimmering blue altar of Sif Muna.
  5059 | D:8      | Noticed a wyvern
  5064 | D:8      | Killed a wyvern
  5065 | D:8      | Reached skill level 5 in Fighting
  5419 | D:8      | Noticed a two-headed ogre
  5428 | D:8      | Killed a two-headed ogre
  5429 | D:8      | Reached skill level 6 in Fighting
  5429 | D:8      | Reached skill level 5 in Fire Magic
  5429 | D:8      | Reached XP level 9. HP: 84/84 MP: 16/18
  5502 | D:8      | Reached skill level 7 in Fighting
  5803 | D:8      | Reached XP level 10. HP: 38/94 MP: 19/19
  6170 | D:7      | Noticed Prince Ribbit
  6178 | D:7      | Killed Prince Ribbit
  6183 | D:7      | Noticed Duvessa
  6183 | D:7      | Noticed Dowan
  6189 | D:7      | Killed Duvessa
  6190 | D:7      | Killed Dowan
  6355 | D:7      | Reached skill level 5 in Shields
  6398 | D:7      | Reached skill level 8 in Fighting
  6938 | D:6      | Noticed Edmund
  6944 | D:6      | Killed Edmund
  7159 | D:6      | Found a sand-covered staircase.
  7164 | Ossuary  | Entered an ossuary
  8712 | D:5      | Bought the amulet "Zeiz Xuy" {Regen+ Int+4 Slay+2} for 538
                  | gold pieces
  8738 | Temple   | Entered the Ecumenical Temple
  8750 | Temple   | Became a worshipper of Vehumet
  8783 | D:5      | Bought a faintly humming leather armour for 154 gold pieces
  8783 | D:5      | Identified the +0 leather armour of Zaed {rPois} (You
                  | bought it in a shop on level 5 of the Dungeon)
  8876 | D:9      | Identified the ring of Interdependent Arising {rPois Str+3}
  9012 | D:9      | Found a sparkling altar of Nemelex Xobeh.
  9023 | D:9      | Reached skill level 9 in Fighting
  9138 | D:9      | Found a staircase to the Lair.
  9245 | D:9      | Reached XP level 11. HP: 90/106 MP: 18/22
  9252 | D:9      | Learned a level 2 spell: Scorch
  9461 | Lair:1   | Entered Level 1 of the Lair of Beasts
  9476 | Lair:1   | Reached * piety under Vehumet
  9476 | Lair:1   | Offered knowledge of Sandblast by Vehumet.
  9477 | Lair:1   | Reached skill level 10 in Fighting
  9762 | Lair:1   | Found a basalt altar of Yredelemnul.
  9762 | Lair:1   | Noticed an oklob plant
 10447 | Lair:2   | Reached skill level 11 in Fighting
 10520 | Lair:2   | Reached skill level 12 in Fighting
 10538 | Lair:1   | Reached XP level 12. HP: 117/122 MP: 5/25
 10706 | Lair:2   | Offered knowledge of Searing Ray by Vehumet.
 10724 | Lair:2   | Reached ** piety under Vehumet
 10868 | Lair:2   | Found a staircase to the Snake Pit.
 10962 | Lair:2   | Reached skill level 13 in Fighting
 11166 | Lair:2   | Noticed a catoblepas
 11183 | Lair:2   | Killed a catoblepas
 11814 | Lair:2   | Reached skill level 14 in Fighting
 12020 | Lair:3   | Noticed a six-headed hydra
 12030 | Lair:3   | Killed a six-headed hydra
 12198 | Lair:3   | Offered knowledge of Hailstorm by Vehumet.
 12569 | Lair:3   | Reached skill level 15 in Fighting
 12618 | Lair:3   | Found a staircase to the Swamp.
 12880 | Lair:4   | Found a staircase to the Slime Pits.
 12881 | Lair:4   | Found a viscous altar of Jiyva.
 13023 | Lair:4   | Reached *** piety under Vehumet
 13162 | Lair:4   | Gained mutation: You can use your snake-like lower body to
                  | constrict enemies. [Naga growth]
 13162 | Lair:4   | Reached XP level 13. HP: 136/140 MP: 19/26
 13476 | Lair:4   | Reached skill level 16 in Fighting
 13560 | Lair:4   | Noticed Josephine
 13567 | Lair:4   | Killed Josephine
 13654 | Lair:5   | Entered Level 5 of the Lair of Beasts
 13654 | Lair:5   | Noticed Nessos
 13666 | Lair:5   | Killed Nessos
 13670 | Lair:5   | Offered knowledge of Inner Flame by Vehumet.
 13787 | Lair:5   | Reached skill level 17 in Fighting
 13788 | Lair:5   | Noticed Rupert
 13791 | Lair:5   | Noticed Snorg
 13794 | Lair:5   | Reached **** piety under Vehumet
 13882 | Lair:5   | Offered knowledge of Brom's Barrelling Boulder by Vehumet.
 14429 | Lair:5   | Noticed a fire dragon
 14438 | Lair:5   | Killed Snorg
 14439 | Lair:5   | Reached skill level 18 in Fighting
 14439 | Lair:5   | Reached skill level 10 in Spellcasting
 14447 | Lair:5   | Reached XP level 14. HP: 155/156 MP: 15/28
 14601 | D:10     | Entered Level 10 of the Dungeon
 14682 | D:10     | Reached skill level 1 in Short Blades
 14796 | D:10     | Reached ***** piety under Vehumet
 14798 | D:10     | Offered knowledge of Plasma Beam by Vehumet.
 14808 | D:10     | Learned a level 6 spell: Plasma Beam
 15259 | D:10     | Reached skill level 5 in Short Blades
 15701 | D:10     | Noticed Sonja
 15704 | D:10     | Killed Sonja
 15927 | D:11     | Found Mapo's Jewellery Emporium.
 15927 | D:11     | Found Jacocelu's Distillery.
 15927 | D:11     | Found Ulaut's General Store.
 16096 | D:11     | Noticed Erica
 16104 | D:11     | Killed Erica
 16159 | D:11     | Found a runed translucent gate.
 16159 | D:11     | Found a runed translucent gate.
 16159 | D:11     | Found a runed translucent gate.
 16263 | D:11     | Noticed jasper's ghost (journeyman MDBe)
 16316 | D:11     | Found a staircase to the Orcish Mines.
 16847 | D:11     | Identified the +2 rapier of Hell's Wrath {heavy, ^Contam
                  | Str+4}
 17289 | D:11     | Identified the +10 broad axe of Malaise {protect, rC++ rN+
                  | rCorr Int-3}
 17469 | Orc:1    | Entered Level 1 of the Orcish Mines
 17552 | Orc:2    | Entered Level 2 of the Orcish Mines
 17553 | Orc:2    | Offered knowledge of Freezing Cloud by Vehumet.
 17572 | Orc:2    | Noticed an orc warlord
 17579 | Orc:2    | Noticed Erolcha
 17592 | Orc:2    | Killed Erolcha
 17594 | Orc:2    | Killed an orc warlord
 17874 | Orc:2    | Found Imis's Antique Armour Shop.
 17917 | Orc:2    | Found Somecw's Jewellery Boutique.
 17977 | Orc:2    | Found Zenuc's General Store.
 17993 | Orc:2    | Bought a potion of brilliance for 64 gold pieces
 18037 | Orc:2    | Found Sapp's Antique Weapon Shop.
 18043 | Orc:2    | Found a staircase to the Elven Halls.
 18116 | Orc:2    | Bought an embroidered scarf for 216 gold pieces
 18228 | Orc:1    | Found a runed translucent door.
 18229 | Orc:1    | Noticed Ponisiar's ghost (journeyman TrGl)
 18236 | Orc:1    | Learned a level 5 spell: Freezing Cloud
 18275 | Orc:1    | Reached skill level 10 in Short Blades
 18380 | Orc:1    | Noticed Fannar
 18391 | Orc:1    | Killed Fannar
 18833 | D:12     | Found Nynouzx Cicw's Antique Weapon Boutique.
 19018 | D:12     | Identified a scroll of acquirement
 19018 | D:12     | Acquired the +10 tower shield of Ignorance {rN+ Int-4}
 19018 | D:12     | Found the +10 tower shield of Ignorance {rN+ Int-4}
 19398 | D:12     | Reached XP level 15. HP: 163/163 MP: 29/29
 20218 | D:14     | Identified the +0 helmet of Hangman {rElec rF- rN+++ Dex-5}
 20307 | D:14     | Noticed Azrael
 20318 | D:14     | Killed Azrael
 20467 | D:14     | Reached ****** piety under Vehumet
 20622 | D:14     | Found a gate to the Vaults.
 20629 | D:14     | Reached skill level 10 in Shields
 21109 | D:14     | Acquired a +2 quick blade of holy wrath
 21157 | D:14     | Offered knowledge of Eringya's Noxious Bog by Vehumet.
 21167 | D:14     | Learned a level 6 spell: Eringya's Noxious Bog
 21260 | D:15     | Entered Level 15 of the Dungeon
 21425 | D:15     | Identified the +0 dagger "Ecesas" {venom, rCorr Str+3}
 21591 | D:15     | Reached XP level 16. HP: 171/171 MP: 31/31
 21658 | D:15     | Found a staircase to the Depths.
 22161 | D:12     | Identified the +8 spear "Reluomy" {antimagic, rCorr Int+7}
 22305 | D:11     | Bought a potion of attraction for 42 gold pieces
 22419 | D:11     | Bought the ring "Behei" {rElec rN+} for 544 gold pieces
 22818 | Lair:5   | Killed Rupert
 23318 | Swamp:1  | Entered Level 1 of the Swamp
 23490 | Swamp:1  | Noticed a thorn hunter
 23503 | Swamp:1  | Killed a thorn hunter
 23602 | Swamp:1  | Found a white marble altar of Elyvilon.
 24174 | Swamp:2  | Noticed Mlioglotl
 24188 | Swamp:2  | Noticed a tentacled starspawn
 24189 | Swamp:2  | Mangled by Mlioglotl

Illustrated notes

Levels and vault maps discovered:
D:1:      wheals_arrival_linesprint, layout_basic
D:2:      layout_basic, st_stairs_3, minmay_distorted, uniq_natasha
D:3:      layout_basic, serial_rivers, chequers_serial_rivers_large_b,
          chequers_serial_rivers_micro_e, chequers_serial_rivers_room_b,
          chequers_serial_rivers_room_a, minmay_tree_intersection
D:4:      layout_basic, skrybe_limestone_x
D:5:      layout_basic, nicolae_elyvilon_temple_path,
          nicolae_uskayaw_murder_on_the_dancefloor,
          minmay_temple_entry_sparse_star, serial_shops,
          nicolae_shop_pleasant_corner_grove, shop, kennysheep_mini_moat, shop,
          shop
D:6:      layout_basic, enter_ossuary_5, minivault_11,
          minmay_misc_feat_diagonals, nicolae_letterblocks
          [nicolae_letter_subblock, nicolae_letter_subblock,
          nicolae_letter_subblock, nicolae_letter_subblock,
          nicolae_letter_subblock, nicolae_letter_subblock,
          nicolae_letter_subblock, nicolae_letter_subblock,
          nicolae_letter_subblock, nicolae_letter_subblock,
          nicolae_letter_subblock, nicolae_letter_subblock,
          nicolae_letter_subblock, nicolae_letter_subblock,
          nicolae_letter_subblock, nicolae_letter_subblock,
          nicolae_letter_subblock, nicolae_letter_subblock,
          nicolae_letter_subblock, nicolae_letter_subblock,
          nicolae_letter_subblock, nicolae_letter_subblock,
          nicolae_letter_subblock, nicolae_letter_subblock,
          nicolae_letter_subblock], uniq_edmund
D:7:      layout_rooms, serial_curves, eino_curves_03, eino_curves_01,
          uniq_prince_ribbit1, uniq_duvessa
D:8:      minmay_goldmine, layout_gridville, amcnicky_altar_gilded,
          grunt_temple_overflow_open
D:9:      layout_rooms, nicolae_overflow_crystal_walls, lair_entry_dummy
D:10:     layout_basic, uniq_sonja
D:11:     layout_cave_pods, zombieorc1_lemuel, gammafunk_ghost_hydra_chop,
          nicolae_shop_distant_corner_stores, uniq_erica
D:12:     cheibrodos_elevator_heist, layout_long_grid, special_room
          [special_room_bee], serial_shops, nicolae_shop_crystal,
          kb_lookout_dungeons_type
D:13:     layout_cave_pools
D:14:     layout_roguey [special_room_mythical_zoo],
          grunt_vaults_entry_fortified, small_statue_alley_a, uniq_azrael
D:15:     grunt_enter_depths_magical_seal, layout_rooms, minmay_crystal_room
Temple:   nicolae_temple_superstar
Lair:1:   layout_gridlike, lemuel_oklob_altar, serial_bayou_shore_a,
          serial_bayou_shore_b
Lair:2:   beast_lair_carwin_large_1, layout_loops_ring,
          nicolae_snake_entry_squirm, st_stairs_13, infiniplex_staircase_pool
Lair:3:   layout_misc_corridors, nicolae_swamp_entry_splash_gauntlet,
          kennysheep_basilisk_garden
Lair:4:   layout_roguey, minmay_slime_entry_pillars, pond, grunt_megastairs_3,
          lemuel_fruit_fields, uniq_josephine
Lair:5:   wormcave, layout_loops_ring, infiniplex_staircase_pool_2, uniq_snorg,
          uniq_nessos, uniq_rupert
Swamp:1:  layout_basic_swamp, hangedman_swamp_ruin_wall, swamp_pool_4,
          lemuel_altar_in_water, nicolae_swamp_triple_paths
Swamp:2:  cheibrodos_swamp_heart_of_darkness, layout_basic_swamp,
          ebering_ghost_reflecting_pool, nicolae_swamp_trees_clearing,
          swamp_pool_1_2, uniq_mlioglotl
Orc:1:    layout_diamond_mine, ebering_ghost_reflecting_pool, uniq_fannar
Orc:2:    grunt_orc_gardens, layout_caves, grunt_orc_garden, grunt_orc_garden,
          grunt_orc_garden, grunt_orc_garden, uniq_erolcha

Skill      XL: |  1  2  3  4  5  6  7  8  9 10 11 12 13 14 15 16 |
---------------+-------------------------------------------------+-----
Alchemy        | 4 5 6 |  6.0
Spellcasting   | 3 4 5 6 7 9 10 11 12 | 12.2
Fighting       | 2 3 6 7 9 12 15 18 | 18.0
Fire Magic     | 2 5 6 7 8 |  8.0
Shields        | 2 4 6 11 | 11.0
Short Blades   | 10 11 12 | 12.3
Dodging        | |  1.5
Stealth        | |  3.0
Conjurations   | |  1.0

Action                     |  1- 3 |  4- 6 |  7- 9 | 10-12 | 13-15 | 16-18 || total
---------------------------+-------+-------+-------+-------+-------+-------++-------
  Melee: Great sword       |    14 |       |       |       |       |       ||    14
         Mace              |       |     8 |    35 |       |       |       ||    43
         Falchion          |       |       |    21 |   300 |    74 |       ||   395
         Constrict         |       |       |       |       |   140 |    32 ||   172
         Dagger            |       |       |       |       |   365 |       ||   365
         Quick blade       |       |       |       |       |   148 |   346 ||   494
   Cast: Sting             |    36 |    34 |    45 |    21 |     7 |       ||   143
         Olgreb's Toxic Ra |       |     6 |    18 |    60 |   119 |     9 ||   212
         Mephitic Cloud    |       |     1 |     8 |    16 |    47 |     6 ||    78
         Sticky Flame      |       |       |     1 |   110 |   107 |    11 ||   229
         Scorch            |       |       |       |     6 |     1 |       ||     7
         Plasma Beam       |       |       |       |       |     2 |     1 ||     3
         Eringya's Noxious |       |       |       |       |     3 |    11 ||    14
         Freezing Cloud    |       |       |       |       |     1 |     7 ||     8
Ability: Spit Poison       |    37 |    30 |    30 |    39 |    59 |     3 ||   198
    Use: Scroll            |       |       |       |    16 |    22 |     3 ||    41
         Potion            |       |       |       |       |     1 |     2 ||     3
   Stab: Confused          |       |       |     1 |     2 |    23 |     5 ||    31
         Sleeping          |       |       |       |     8 |     7 |       ||    15
         Distracted        |       |       |       |       |     2 |       ||     2
 Armour: Robe              |    37 |    23 |    78 |   330 |   609 |   209 ||  1286
  Dodge: Dodged            |    23 |    10 |    28 |   172 |   164 |    55 ||   452
  Block: Buckler           |       |       |     8 |   128 |   195 |    59 ||   390

Table legend: (Time is in decaauts)
 A = Elapsed time spent in this place.
 B = Non-inter-level travel time spent in this place.
 C = Inter-level travel time spent in this place.
 D = Time resting spent in this place.
 E = Time spent auto-exploring this place.
 F = Levels seen in this place.
 G = Mean time per level.
                   A        B        C        D        E       F      G
               +--------+--------+--------+--------+--------+-----+--------+
         Total |  30281 |  28141 |   2140 |    612 |  21986 |  26 | 1164.7 |
       Dungeon |  19316 |  17750 |   1566 |     80 |  14382 |  15 | 1287.7 |
        Temple |     33 |      3 |     30 |      0 |      0 |   1 |   33.0 |
          Lair |   7421 |   7045 |    376 |    376 |   5128 |   5 | 1484.2 |
         Swamp |   1087 |   1061 |     26 |      0 |    867 |   2 |  543.5 |
  Orcish Mines |   1503 |   1364 |    139 |    155 |    959 |   2 |  751.5 |
       Ossuary |    918 |    918 |      0 |      0 |    649 |   1 |  918.0 |
               +--------+--------+--------+--------+--------+-----+--------+

Top non-repeatable levels by time:
    D:10: 1932 daAuts
    D:11: 1930 daAuts
     D:8: 1857 daAuts
  Lair:2: 1717 daAuts
  Lair:5: 1699 daAuts
    D:14: 1452 daAuts
  Lair:1: 1378 daAuts
  Lair:3: 1368 daAuts
     D:2: 1340 daAuts
     D:3: 1331 daAuts
  Lair:4: 1257 daAuts
     D:5: 1246 daAuts
    D:12: 1184 daAuts
     D:1: 1178 daAuts
     D:4: 1173 daAuts
